 Dungeon Crawl Stone Soup version 0.13.0-3-g966e3ec (webtiles) character file.

433 Malachi the Vexing (level 6, 0/41 HPs)
             Began as a Vampire Enchanter on Oct 13, 2013.
             Succumbed to a killer bee's poison
             ... on Level 4 of the Dungeon.
             The game lasted 00:08:41 (2732 turns).

Malachi the Vexing (Vampire Enchanter)              Turns: 2732, Time: 00:08:41

HP   0/41        AC  6     Str  9      XL: 6   Next: 18%
MP   3/10        EV 14     Int 19      God:
Gold 121         SH  0     Dex 14      Spells:  2 memorised,  2 levels left

Res.Fire  : . . .   See Invis. : +   n - +2,+6 short sword
Res.Cold  : . . .   Warding    : .   b - +2 robe
Life Prot.: . . .   Conserve   : +   (no shield)
Res.Poison: .       Res.Corr.  : .   (no helmet)
Res.Elec. : .       Clarity    : .   (no cloak)
Sust.Abil.: . .     Spirit.Shd : .   e - +0 pair of gloves of Dishonour {Str+2 Acc+4}
Res.Mut.  : .       Stasis     : .   g - +0 pair of boots
Res.Rott. : .       Flight     : .   q - cursed amulet of conservation {unknown}
Saprovore : . . .                    (no ring)
                                     (no ring)

@: regenerating quickly, mildly poisoned, very slightly contaminated, slightly
resistant to hostile enchantments, quite stealthy
A: bottle blood, fangs 3, see invisible, unbreathing
a: Bottle Blood


You were on level 4 of the Dungeon.
You were very full.

You visited 1 branch of the dungeon, and saw 4 of its levels.

You collected 101 gold pieces.

Inventory:

Hand weapons
 a - a +1,+1 dagger {=f}
 l - the +0,+0 dagger of Fortitude {pain, rElec rC-}
   (You found it on level 1 of the Dungeon)

   In the hands of one skilled in necromantic magic, it inflicts extra damage on
   living creatures.
   It makes you vulnerable to cold.
   It insulates you from electricity.
 n - a +2,+6 short sword (weapon)
Missiles
 d - 12 darts (quivered)
Armour
 b - a +2 robe (worn)
 e - the cursed +0 pair of gloves of Dishonour (worn) {Str+2 Acc+4}
   (You found it on level 4 of the Dungeon)

   It affects your strength (+2).
   It affects your accuracy (+4).
   It has a curse placed upon it.
 g - a +0 pair of boots (worn)
Magical devices
 f - a wand of flame (14)
Jewellery
 k - an uncursed ring of teleportation
 q - a cursed amulet of conservation (around neck) {unknown}
Potions
 h - a potion of heal wounds {unknown}
 i - 2 potions of berserk rage {unknown}
 j - a potion of curing
 m - a potion of poison {unknown}
 o - 2 potions of magic {unknown}
 p - a potion of degeneration {unknown}
Books
 c - a book of Maledictions

   Spells                             Type                      Level
   Corona                             Hexes                        1
   Sure Blade                         Hexes/Charms                 2
   *Ensorcelled Hibernation           Hexes/Ice                    2
   *Confuse                           Hexes                        3
   Enslavement                        Hexes                        4
   Invisibility                       Hexes                        6


   Skills:
 + Level 2.7 Short Blades
 - Level 0.7 Throwing
 + Level 4.7 Dodging
 + Level 5.0 Stealth
 - Level 1.0 Spellcasting
 * Level 6.6 Hexes


You had 2 spell levels left.
You knew the following spells:

 Your Spells              Type           Power        Failure   Level  Hunger
a - Confuse               Hex            ####....     4%          3    ####...
b - Ensorcelled Hibernat  Hex/Ice        ##....       10%         2    ###....


Dungeon Overview and Level Annotations

Branches:
Dungeon (4/27)
 Temple: D:4-7

Altars:
Xom


Innate Abilities, Weirdness & Mutations

Your natural rate of healing is unusually fast.
You can bottle blood from corpses.
You have razor-sharp teeth.*
You have supernaturally acute eyesight.
You can survive without breathing.*


Message History

You are poisoned.
The killer bee poisons you! The killer bee barely misses you.
You miss the killer bee.
The killer bee is almost dead.
The killer bee stings you!
* * * LOW HITPOINT WARNING * * *
The killer bee stings you.
* * * LOW HITPOINT WARNING * * *
You closely miss the killer bee.
The killer bee is almost dead.
The killer bee closely misses you.
You puncture the killer bee!
You kill the killer bee!
* * * LOW HITPOINT WARNING * * *
You feel sick.
You see here a killer bee corpse.
* * * LOW HITPOINT WARNING * * *
You feel sick.
You start resting.
You die...

#.# #....%..# #.......% #.#
#...).%.# #.......#
####.######.......####.......#
#........##.......'..#........
#........##.......##.########.
#........##.#.######.########.
#........##.#.# #........##.
####.######.#%# #........###
#.# #.#@# #........### #.#
#.#.######.#####...#
#.######'#......#.#####...#
#.##.......####.#.#........
#.##.........<# #.#.###...#
##.##............#.#.#......
#.....###+########.#.#.###..
#.....# #........#.#.....#..
#.....# ########.#.#.....#..


There were no monsters in sight!

Vanquished Creatures
  3 killer bees (D:4)
  A worker ant (D:4)
  Jessica (D:2)
  5 adders
  A giant mite (D:3)
  6 giant geckos
  7 orcs
  A ball python (D:1)
  5 bats
  2 giant cockroaches
  13 hobgoblins
  5 kobolds
  A quokka (D:4)
  3 giant newts
  7 goblins
  A goblin skeleton (D:4)
  19 rats
81 creatures vanquished.

Notes
Turn   | Place    | Note
--------------------------------------------------------------
     0 | D:1      | Malachi, the Vampire Enchanter, began the quest for the Orb.
     0 | D:1      | Reached XP level 1. HP: 13/13 MP: 4/4
    52 | D:1      | Reached XP level 2. HP: 14/19 MP: 5/5
   127 | D:1      | Reached skill level 5 in Hexes
   317 | D:1      | Reached XP level 3. HP: 20/24 MP: 6/6
   444 | D:1      | Learned a level 2 spell: Ensorcelled Hibernation
   625 | D:1      | Got a transparent dagger
   626 | D:1      | Identified the cursed dagger of Fortitude {pain, rElec rC-} (You found it on level 1 of the Dungeon)
  1540 | D:2      | Noticed Jessica
  1544 | D:2      | Killed Jessica
  1544 | D:2      | Reached XP level 4. HP: 30/30 MP: 8/8
  1822 | D:3      | Found a shimmering altar of Xom.
  2097 | D:3      | Learned a level 3 spell: Confuse
  2228 | D:4      | Reached skill level 6 in Hexes
  2232 | D:4      | Reached XP level 5. HP: 35/35 MP: 9/9
  2501 | D:4      | Noticed an ogre
  2504 | D:4      | HP: 1/35 [ogre/great mace (29)]
  2616 | D:4      | Got a pair of slimy gloves
  2619 | D:4      | Identified the cursed +0 pair of gloves of Dishonour {Str+2 Acc+4} (You found it on level 4 of the Dungeon)
  2719 | D:4      | Reached skill level 5 in Stealth
  2719 | D:4      | Reached XP level 6. HP: 17/41 MP: 6/10
  2727 | D:4      | HP: 2/41 [killer bee (4)]
  2732 | D:4      | Succumbed to a killer bee's poison

Action                   |  1- 3 |  4- 6 || total
-------------------------+-------+-------++-------
Melee: Dagger            |   123 |       ||   123
       Short sword       |    23 |   102 ||   125
 Cast: Confuse           |       |     3 ||     3
       Ensorcelled Hiber |       |     3 ||     3
Evoke: Wand              |       |     1 ||     1
  Use: Scroll            |     7 |     5 ||    12
       Potion            |       |     2 ||     2
 Stab: Sleeping          |     7 |     5 ||    12
       Distracted        |       |     1 ||     1
